 Dungeon Crawl Stone Soup version 0.28.0-45-g0d030f2227 (webtiles) character file.

Game seed: 1273336917971629519

60 GigaChad the Skirmisher (level 3, -7/31 HPs)
             Began as a Palentonga Fighter on Apr 19, 2022.
             Was a Follower of Trog.
             Mangled by Terence
             ... wielding a +0 flail
              (8 damage)
             ... on level 2 of the Dungeon.
             The game lasted 00:08:23 (1715 turns).

GigaChad the Skirmisher (Palentonga Fighter)        Turns: 1715, Time: 00:08:23

Health: -7/31      AC:  6    Str: 19    XL:     3   Next: 80%
Magic:  3/3        EV:  7    Int:  8    God:    Trog [*.....]
Gold:   35         SH:  4    Dex: 11    Spells: 2/2 levels left

rFire   . . .      SeeInvis +   a - +1 long sword
rCold   . . .      Faith    .   c - +0 buckler
rNeg    . . .      Spirit   .   b - +0 scale mail
rPois   .          Reflect  .   (no helmet)
rElec   .          Harm     .   (no cloak)
rCorr   .          Rampage  .   (no gloves)
Will    .....                   (no barding)
Stlth   ..........              (no amulet)
HPRegen 0.10/turn               (no ring)
MPRegen 0.08/turn               (no ring)

@: no status effects
A: large, rugged brown scales 3, see invisible, deformed body, roll 1, armoured
tail
a: Rolling Charge, Renounce Religion, Berserk


You were on level 2 of the Dungeon.
You worshipped Trog.
Trog was aware of your devotion.
You visited 1 branch of the dungeon, and saw 2 of its levels.

You collected 35 gold pieces.

Inventory:

Hand Weapons
 a - a +1 long sword (weapon)
 e - a +2 short sword of holy wrath
 j - a +1 trident of pain
 k - a +2 dagger of venom
Missiles
 g - 7 poisoned darts
 i - 23 bolts
Armour
 b - a +0 scale mail (worn)
 c - a +0 buckler (worn)
Scrolls
 f - a scroll of blinking {unknown}
 h - a scroll of identify
 l - a scroll of fog {unknown}
Potions
 d - a potion of might
 m - a potion of curing {unknown}


   Skills:
 + Level 3.4 Fighting
 + Level 2.9 Long Blades
 + Level 2.8 Armour
 + Level 2.8 Shields


You had 2 spell levels left.
You didn't know any spells.
Your spell library was empty.

Dungeon Overview and Level Annotations

Branches:
Dungeon (2/15)

Altars:
Trog

Shops:
D:1 =   D:2 ?

Annotations:
D:2 Terence


Innate Abilities, Weirdness & Mutations

You are completely covered in rugged brown scales. (AC +3, +7% HP)
You have supernaturally acute eyesight. (SInv)
Armour fits poorly on your strangely shaped body.
You can roll at nearby foes to attack.
You have a long armoured tail.


Message History

Found Lib Ucodgh's Magic Scroll Emporium.
Terence says, "Did you write a will?
You should..."
Terence shouts, "Get ready for death!"
You hit Terence but do no damage. You tail-slap Terence.
Terence is lightly wounded.
You block Terence's attack.
You hit Terence but do no damage.
Terence is lightly wounded.
Terence barely misses you.
You hit Terence but do no damage.
Terence is lightly wounded.
Terence hits you with a +0 flail. Terence closely misses you.
You barely miss Terence.
Terence is lightly wounded.
Terence hits you with a +0 flail!
You hit Terence.
Terence is moderately wounded.
You block Terence's attack.
You hit Terence.
You tail-slap Terence, but do no damage.
Terence is moderately wounded.
Terence hits you with a +0 flail.
You barely miss Terence.
Terence is moderately wounded.
Terence hits you with a +0 flail.
* * * LOW HITPOINT WARNING * * *
Terence hits you with a +0 flail.
* * * LOW HITPOINT WARNING * * *
You completely miss Terence.
Terence is moderately wounded.
Terence hits you with a +0 flail.
* * * LOW HITPOINT WARNING * * *
You hit Terence.
Your tail-slap misses Terence.
Terence is heavily wounded.
You block Terence's attack.
You closely miss Terence.
Terence is heavily wounded.
Terence screams, "I'm going to kill you!"
Terence hits you with a +0 flail!
You die...

.## .. #### .#
....#####.##
.....∩.@...#
..<....@...#
...........#
##+#.......#
#.#.......# #
#.#.......# #.
#.#.......#
..##.####.........####
.
.....................>#
#..


You could see Terence.

Vanquished Creatures
  An adder (D:2)
  A worm (D:2)
  2 dart slugs
  6 bats
  4 endoplasms
  4 goblins
  4 hobgoblins
  2 jackals (D:1)
  2 quokkas (D:1)
  4 frilled lizards
  8 kobolds
  3 rats
41 creatures vanquished.

Vanquished Creatures (others)
  2 fungi (D:1)
  A plant (D:1)
3 creatures vanquished.

Grand Total: 44 creatures vanquished

Notes
Turn   | Place    | Note
-------+----------+-------------------------------------------
     0 | D:1      | GigaChad the Palentonga Fighter began the quest for the
                  | Orb.
     0 | D:1      | Reached XP level 1. HP: 19/19 MP: 1/1
   132 | D:1      | Found a faded altar of an unknown god.
   153 | D:1      | Prayed at the altar of an unknown god.
   153 | D:1      | Became a worshipper of Trog the Wrathful
   153 | D:1      | Reached * piety under Trog
   177 | D:1      | Reached XP level 2. HP: 12/25 MP: 2/2
   600 | D:1      | Found Iqidef's Jewellery Shop.
   887 | D:1      | Reached XP level 3. HP: 31/31 MP: 3/3
  1693 | D:2      | Noticed Terence
  1698 | D:2      | Found Lib Ucodgh's Magic Scroll Emporium.
  1713 | D:2      | HP: 1/31 [Terence/+0 flail (5)]
  1715 | D:2      | Mangled by Terence

Illustrated notes

Levels and vault maps discovered:
D:1:      ncdulo_watergridlock, layout_loops_ring, serial_shops, shop,
          shapermc_ecumenical_altar_gd, minmay_pentomino_x4
D:2:      layout_basic, serial_shops, shop, uniq_terence

Action                   || total
-------------------------++-------
Melee: Long sword        ||   135
       Tailslap          ||    15
  Use: Scroll            ||     2
Armor: Scale mail        ||    80
Dodge: Dodged            ||    52
Block: Buckler           ||    46
